 Dungeon Crawl Stone Soup version 0.20.0-15-g7f486f2 (webtiles) character file.

1102 zhorgal the Slinger (level 8, -4/49 HPs)
             Began as a Halfling Hunter on June 10, 2017.
             Was an Initiate of Trog.
             Slain by Menkaure (15 damage)
             ... on level 6 of the Dungeon.
             The game lasted 00:30:11 (6961 turns).

zhorgal the Slinger (Halfling Hunter)               Turns: 6961, Time: 00:30:12

Health: -4/49      AC:  9    Str: 13    XL:     8   Next: 58%
Magic:  8/8        EV: 12    Int:  9    God:    Trog [......]
Gold:   221        SH:  0    Dex: 17    Spells: 7/7 levels left

rFire    . . .     SeeInvis .   a - +2 dagger (venom)
rCold    + . .     Gourm    .   (shield restricted)
rNeg     . . .     Faith    +   C - +3 scale mail
rPois    .         Spirit   .   (no helmet)
rElec    .         Reflect  .   (no cloak)
rCorr    .         Harm     .   (no gloves)
MR       .....                  (no boots)
Stlth    +.........             o - amulet of faith
Regen    0.2/turn               n - ring of protection from cold
MPRegen  0.2/turn               (no ring)

@: no status effects
A: mutation resistance 1
a: Burn Spellbooks, Renounce Religion


You were on level 6 of the Dungeon.
You worshipped Trog.
Trog was noncommittal.
You were hungry.

You visited 1 branch of the dungeon, and saw 6 of its levels.

You collected 221 gold pieces.

Inventory:

Hand Weapons
 a - a +2 dagger of venom (weapon)
 b - a +2 hunting sling
 m - a +0 long sword
 p - a +0 short sword
 B - a +2 flail of protection
Missiles
 d - 20 sling bullets
 j - a throwing net (quivered)
 k - 233 stones
Armour
 C - a +3 scale mail (worn)
Jewellery
 n - a ring of protection from cold (left hand)
 o - an amulet of faith (around neck)
 E - an uncursed amulet of the gourmand {unknown}
Wands
 F - a wand of paralysis (9/24)
 G - a wand of flame (21/48)
Scrolls
 h - 3 scrolls of fear
 i - a scroll of magic mapping
 w - 6 scrolls of remove curse {unknown}
 x - a scroll of recharging {unknown}
 y - a scroll of teleportation
 D - a scroll of identify
Potions
 c - 2 potions of heal wounds {unknown}
 l - a potion of mutation {unknown}
 r - 2 potions of haste
 s - 2 potions of lignification {unknown}
 u - a potion of berserk rage {unknown}
 v - a potion of degeneration {unknown}
 z - 2 potions of curing
Comestibles
 f - 3 bread rations
 g - 5 meat rations
 q - a royal jelly
 A - 5 fruits


   Skills:
 + Level 1.7 Fighting
 + Level 14.0 Slings
 + Level 0.0 Armour
 + Level 2.1 Dodging
 - Level 1.1 Stealth


You had 7 spell levels left.
You didn't know any spells.

Dungeon Overview and Level Annotations

Branches:
Dungeon (6/15)             Temple (0/1) D:6

Altars:
Ashenzari
Cheibriados
Dithmenos
Elyvilon
Nemelex Xobeh
Trog
Uskayaw
Xom
Yredelemnul
Zin
The Shining One

Shops:
D:4 [   D:6 :

Annotations:
D:2 Sigmund
D:6 Menkaure


Innate Abilities, Weirdness & Mutations

You are small and have problems with some larger weapons.
You are somewhat resistant to further mutation.


Message History

Menkaure is heavily damaged.
Menkaure barely misses you.
You hit Menkaure.
Menkaure is heavily damaged.
Menkaure calls on the powers of darkness!
Your body is wracked with pain!
You hit Menkaure.
Menkaure is severely damaged.
You closely miss Menkaure.
Menkaure is severely damaged.
Menkaure calls on the powers of darkness!
Your body is wracked with pain!
* * * LOW HITPOINT WARNING * * *
You hit Menkaure but do no damage.
Menkaure is severely damaged.
Menkaure barely misses you.
You hit Menkaure.
Menkaure is severely damaged.
Menkaure hits you!
You die...

#..# #...#............. #..#
#...#............. #..#
#...#............. #..#
#...#............. #..#
#...#...........§§
#####..####...#...........§.
#........##...#
#..#....#..#...##### .
#....##.M@........
#......#...#.######
#..##..##..#.# #..#
##..#..#.# #.. ..#..#.# ##..
.##..#.# ... .#...#.####
#... ##...#.#..
#....#....#...#######


You could see Menkaure.

Vanquished Creatures
  A necrophage (D:6)
  A sky beast (D:6)
  An ogre (D:4)
  Blork the orc (D:4)
  3 scorpions
  A howler monkey (D:5)
  A crimson imp (D:5)
  A bullfrog zombie (D:5)
  An orc priest (D:4)
  A bullfrog skeleton (D:4)
  Jessica (D:3)
  2 orc wizards (D:4)
  2 worker ants (D:4)
  A hound zombie (D:6)
  A hound skeleton (D:4)
  10 adders
  7 gnolls
  An ooze (D:3)
  An adder skeleton (D:5)
  4 worms
  3 dart slugs
  3 leopard geckos
  18 orcs
  9 bats
  8 giant cockroaches
  7 goblins
  8 hobgoblins
  8 jackals
  A quokka (D:4)
  4 ball pythons
  7 frilled lizards
  13 kobolds
  2 quokka skeletons
  4 rats
137 creatures vanquished.

Vanquished Creatures (others)
  An orc wizard (D:4)
  A worker ant (D:6)
2 creatures vanquished.

Grand Total: 139 creatures vanquished

Notes
Turn   | Place    | Note
-------+----------+-------------------------------------------
     0 | D:1      | zhorgal the Halfling Hunter began the quest for the Orb.
     0 | D:1      | Reached XP level 1. HP: 14/14 MP: 1/1
    71 | D:1      | Reached skill level 6 in Slings
   168 | D:1      | Reached XP level 2. HP: 15/19 MP: 2/2
   797 | D:1      | Reached skill level 7 in Slings
   797 | D:1      | Reached XP level 3. HP: 24/24 MP: 3/3
  1614 | D:2      | Reached XP level 4. HP: 16/29 MP: 4/4
  1827 | D:2      | Reached skill level 8 in Slings
  1961 | D:2      | Found a hide-covered altar of Uskayaw.
  1965 | D:2      | Noticed a dagger
  1965 | D:2      | Noticed a dagger
  1997 | D:2      | Noticed Sigmund
  2084 | D:3      | Noticed Jessica
  2387 | D:3      | Reached XP level 5. HP: 34/34 MP: 5/5
  2392 | D:3      | Killed Jessica
  2392 | D:3      | Reached skill level 9 in Slings
  3040 | D:3      | Found a sparkling altar of Nemelex Xobeh.
  3045 | D:3      | Found a snail-covered altar of Cheibriados.
  3046 | D:3      | Found a white marble altar of Elyvilon.
  3046 | D:3      | Found a basalt altar of Yredelemnul.
  3046 | D:3      | Found a shattered altar of Ashenzari.
  3046 | D:3      | Found a shimmering altar of Xom.
  3050 | D:3      | Found a glowing golden altar of the Shining One.
  3261 | D:4      | Reached XP level 6. HP: 25/39 MP: 6/6
  3272 | D:4      | Reached skill level 10 in Slings
  3653 | D:4      | Noticed an ogre
  3660 | D:4      | Killed an ogre
  3811 | D:4      | Found Gequ's Antique Armour Emporium.
  3929 | D:3      | Reached XP level 7. HP: 32/44 MP: 7/7
  4018 | D:3      | Reached skill level 11 in Slings
  4664 | D:4      | Noticed Blork the orc
  4693 | D:4      | Killed Blork the orc
  4693 | D:4      | Reached skill level 12 in Slings
  5086 | D:5      | Entered Level 5 of the Dungeon
  5215 | D:5      | Found a shadowy altar of Dithmenos.
  5351 | D:5      | Reached XP level 8. HP: 40/49 MP: 8/8
  5791 | D:5      | Reached skill level 13 in Slings
  5934 | D:6      | Found Ponang's Book Shoppe.
  6130 | D:6      | Found a glowing silver altar of Zin.
  6130 | D:6      | Noticed an angel
  6466 | D:6      | Noticed Menkaure
  6697 | D:6      | Reached skill level 14 in Slings
  6822 | D:6      | Found a bloodstained altar of Trog.
  6830 | D:6      | Became a worshipper of Trog the Wrathful
  6918 | D:6      | Found a staircase to the Ecumenical Temple.
  6961 | D:6      | Slain by Menkaure

Skill      XL: |  1  2  3  4  5  6  7  8 |
---------------+-------------------------+-----
Slings         | 6 7 8 9 10 12 14 | 14.0
Fighting       | |  1.7
Dodging        | |  2.1
Stealth        | |  1.1

Action                   |  1- 3 |  4- 6 |  7- 9 || total
-------------------------+-------+-------+-------++-------
Melee: Short sword       |   124 |       |       ||   124
       Dagger            |    24 |   169 |   169 ||   362
       Long sword        |       |     4 |       ||     4
 Fire: Hunting sling     |     2 |    35 |   100 ||   137
Invok: Burn Spellbooks   |       |       |     1 ||     1
  Use: Scroll            |       |       |    10 ||    10
  Eat: Chunk             |     2 |     8 |     7 ||    17
       Fruit             |       |       |     2 ||     2
Armor: Leather armour    |    21 |       |       ||    21
       Ring mail         |    28 |    48 |       ||    76
       Scale mail        |       |    10 |    59 ||    69
Dodge: Dodged            |   135 |   150 |    94 ||   379
